 Dungeon Crawl Stone Soup version 0.29.0-4-gdea44cf6ec (webtiles) character file.

Game seed: 1544653759650556355

2652 qw the Cleaver (level 9, -6/112 HPs)
             Began as a Minotaur Berserker on Sept 9, 2022.
             Was a Priest of Trog.
             Engulfed by an ice statue's freezing vapour (11 damage)
             ... on level 7 of the Dungeon.
             The game lasted 00:02:17 (7088 turns).

qw the Cleaver (Minotaur Berserker)                 Turns: 7088, Time: 00:02:17

Health: -6/112     AC:  9    Str: 25    XL:     9   Next: 36%
Magic:  8/8        EV:  7    Int:  4    God:    Trog [***...]
Gold:   405        SH: 10    Dex: 11    Spells: 8/8 levels left

rFire   . . .      SeeInvis .   Y - +1 war axe
rCold   . . .      Faith    .   a - +0 kite shield
rNeg    . . .      Spirit   .   b - +0 chain mail
rPois   .          Reflect  .   (helmet restricted)
rElec   .          Harm     .   j - scarf {repulsion}
rCorr   +          Rampage  .   (no gloves)
Will    .....                   (no boots)
Stlth   ..........              (no amulet)
HPRegen 0.28/turn               n - ring of resist corrosion
MPRegen 0.11/turn               (no ring)

@: berserking (expiring), repel missiles, very quick
A: horns 2, retaliatory headbutt
a: Renounce Religion, Berserk, Trog's Hand


You were on level 7 of the Dungeon.
You worshipped Trog.
Trog was most pleased with you.
You visited 1 branch of the dungeon, and saw 7 of its levels.

You collected 503 gold pieces.
You spent 98 gold pieces at shops.


Innate Abilities, Weirdness & Mutations

You have a pair of horns on your head.
You reflexively headbutt those who attack you in melee.


   Skills:
 - Level 6.1 Fighting
 - Level 12.0 Axes
 - Level 1.6 Throwing
 + Level 3.2 Armour
 - Level 2.1 Dodging
 - Level 8.0 Shields


You had 8 spell levels left.
You didn't know any spells.
Your spell library was empty.

Inventory:

Hand Weapons
 r - a +0 morningstar
 Y - a +1 war axe (weapon)
Missiles
 c - 8 boomerangs
 e - 3 silver boomerangs (quivered)
Armour
 a - a +0 kite shield (worn)
 b - a +0 chain mail (worn)
 f - a scarf of resistance
 j - a scarf of repulsion (worn)
Jewellery
 n - a ring of resist corrosion (left hand)
Scrolls
 d - a scroll of identify
 g - a scroll of butterflies {unknown}
Potions
 h - 4 potions of curing
 i - a potion of resistance
 k - a potion of haste
 m - 3 potions of heal wounds
 o - a potion of flight {unknown}
 p - a potion of might {unknown}
 q - a potion of lignification {unknown}
 t - 2 potions of degeneration {unknown}

Dungeon Overview and Level Annotations

Branches:
Dungeon (7/15)             Temple (0/1) D:7

Altars:
Ashenzari
Nemelex Xobeh

Shops:
D:3 *


Message History

The ice statue glitters chillingly in the dim dungeon light.
You block the ice beast's attack.
You hit the ice beast.
The ice beast is lightly wounded.
You hit the ice beast.
You are engulfed in freezing vapours.
You barely miss the ice beast.
The ice beast is lightly wounded.
You closely miss the ice beast.
You are engulfed in freezing vapours.
The ice beast hits you but does no damage.
The ice beast barely misses you.
You slash the ice beast!
The ice beast is heavily wounded.
You barely miss the ice beast. You slash the ice beast!
You are engulfed in freezing vapours.
You block the ice beast's attack.
The ice beast hits you but does no damage.
You slash the ice beast!
The ice beast is almost dead.
You closely miss the ice beast. You barely miss the ice beast.
You are engulfed in freezing vapours.
The ice beast hits you but does no damage.
You slice the ice beast!!
You kill the ice beast!
The ice beast disappears in a puff of smoke!
You closely miss the ice beast. You hit the ice beast.
The ice statue gestures at you.
The freezing blast engulfs the ice beast.
The ice beast completely resists.
The ice beast hits you but does no damage.
You block the ice beast's attack.
You slash the ice beast!
The ice beast is severely wounded.
You completely miss the ice beast.
You are engulfed in freezing vapours.
You block the ice beast's attack.
You slash the ice beast! Your headbutt misses the ice beast.
The ice beast is almost dead.
You closely miss the ice beast.
You are engulfed in freezing vapours.
You die...

#.#######.#..####.).
#.##....))#..## ##..
###.##.####.....# #..
#}...}## ##....####..
#.....# ##.#........
#.....# #.......###.
#.....# #.....#.# #.
#..0..#####...#.#.# #.
#..0Y@##........#.# #.
#~00Y¤#####..##.#.# #.
#~~800##..........# #.
#~~~~~#####..##...###.
#.....# #..##...##..
#.^...# #...........
#.....#####........#>.
#.....##.####.##.##...
#......##.###..


You could see an ice statue and 2 ice beasts.

Vanquished Creatures
  Eustachio (D:6)
  A water moccasin (D:4)
  An orc warrior (D:7)
  A sky beast (D:5)
  A black bear (D:4)
  An ogre (D:6)
  2 kobold brigands
  A bullfrog (D:7)
  3 necrophages
  5 scorpions
  10 wights
  A howler monkey (D:5)
  4 hounds
  A jelly (D:7)
  3 orc priests
  Jessica (D:2)
  An iguana (D:5)
  10 orc wizards
  Robin (D:3)
  3 gnolls (D:2)
  11 adders
  A shadow imp (D:5)
  3 worms (D:2)
  A dart slug (D:5)
  38 orcs
  4 bats
  9 endoplasms
  A giant cockroach (D:1)
  14 goblins
  6 hobgoblins
  14 kobolds
  A quokka (D:2)
  4 ball pythons (D:1)
  5 frilled lizards
  6 rats
  A spectral goblin (D:1)
171 creatures vanquished.

Notes
Turn   | Place    | Note
-------+----------+-------------------------------------------
     0 | D:1      | qw the Minotaur Berserker began the quest for the Orb.
     0 | D:1      | Reached XP level 1. HP: 19/19 MP: 0/0
     0 | D:1      | 0 ||| qw: Version: 0.1-a-113-g051387a
     0 | D:1      | 0 ||| qw: Game counter: 7050
     0 | D:1      | 0 ||| qw: Always use a shield: true
     0 | D:1      | 0 ||| qw: Do Orc after D:15 true
     0 | D:1      | 0 ||| qw: Do second Lair branch before Depths: true
     0 | D:1      | 0 ||| qw: Lair rune preference: random
     0 | D:1      | 0 ||| qw: Plans: Normal
     0 | D:1      | 0 ||| PLANNING D:1-11
    91 | D:1      | 91 ||| Stepping ~*~*~tactically~*~*~ (stealth).
   214 | D:1      | Reached skill level 4 in Axes
   255 | D:1      | Reached XP level 2. HP: 22/26 MP: 1/1
   495 | D:1      | Found a faded altar of an unknown god.
   637 | D:1      | 637 ||| READING scroll labelled KUUL ZERCHYAZ.
   638 | D:1      | 638 ||| READING scroll labelled PYS NYELEWK.
   639 | D:1      | 639 ||| READING scroll labelled CUGUOWOHUX.
   689 | D:2      | Reached skill level 5 in Axes
   689 | D:2      | Reached XP level 3. HP: 28/31 MP: 2/2
   835 | D:2      | 835 ||| INVOKING Berserk.
  1071 | D:2      | Reached ** piety under Trog
  1120 | D:2      | Found a sparkling altar of Nemelex Xobeh.
  1120 | D:2      | Noticed Jessica
  1122 | D:2      | 1122 ||| INVOKING Berserk.
  1126 | D:2      | Reached skill level 6 in Axes
  1126 | D:2      | Reached XP level 4. HP: 39/39 MP: 3/3
  1138 | D:2      | Killed Jessica
  1298 | D:2      | 1298 ||| DROPPING +0 club.
  1611 | D:2      | 1611 ||| UPGRADING to +0 kite shield.
  1616 | D:2      | 1616 ||| READING scroll labelled JYFIHE BUAS.
  1636 | D:3      | Noticed Robin
  1642 | D:3      | Reached XP level 5. HP: 39/45 MP: 4/4
  1706 | D:3      | Reached skill level 1 in Shields
  1785 | D:3      | 1785 ||| Stepping ~*~*~tactically~*~*~ (stealth).
  1786 | D:3      | 1786 ||| Stepping ~*~*~tactically~*~*~ (stealth).
  1793 | D:3      | 1793 ||| Stepping ~*~*~tactically~*~*~ (stealth).
  1803 | D:3      | 1803 ||| INVOKING Berserk.
  1812 | D:3      | Killed Robin
  1819 | D:3      | 1819 ||| FLEEEEING.
  1820 | D:3      | 1820 ||| FLEEEEING.
  1821 | D:3      | 1821 ||| FLEEEEING.
  1822 | D:3      | 1822 ||| STAIRDANCE
  2011 | D:2      | 2011 ||| UPGRADING to +0 ring mail.
  2021 | D:2      | 2021 ||| DROPPING +0 animal skin.
  2022 | D:2      | 2022 ||| UPGRADING to scarf of repulsion.
  2083 | D:3      | Found Ukurut's General Store.
  2089 | D:3      | 2089 ||| BUYING potion of curing (42 gold).
  2089 | D:3      | Bought a potion of curing for 42 gold pieces
  2089 | D:3      | 2089 ||| SHOPLISTING potion of mutation (112 gold, have
                  | 110).
  2089 | D:3      | 2089 ||| BUYING scroll of identify (28 gold).
  2089 | D:3      | Bought a scroll of identify for 28 gold pieces
  2089 | D:3      | 2089 ||| BUYING scroll of identify (28 gold).
  2089 | D:3      | Bought a scroll of identify for 28 gold pieces
  2095 | D:3      | 2095 ||| READING scroll labelled MOPPINAFOK.
  2095 | D:3      | Identified a scroll of acquirement
  2095 | D:3      | 2095 ||| ACQUIRING +8 whip "Snakebite" {venom, curare,
                  | rPois}
  2095 | D:3      | Acquired the +8 whip "Snakebite" {venom, curare, rPois}
  2095 | D:3      | Found the +8 whip "Snakebite" {venom, curare, rPois}
  2096 | D:3      | 2096 ||| DRINKING 2 white potions.
  2116 | D:3      | Found a broken altar of Ashenzari.
  2179 | D:3      | 2179 ||| INVOKING Berserk.
  2184 | D:3      | Reached skill level 3 in Shields
  2274 | D:3      | 2274 ||| SWAPPING to +0 war axe.
  2275 | D:3      | 2275 ||| DROPPING +0 hand axe of draining.
  2283 | D:3      | 2283 ||| DROPPING +2 flail of venom.
  2284 | D:3      | 2284 ||| DROPPING +8 whip "Snakebite" {venom, curare,
                  | rPois}.
  2415 | D:3      | Reached *** piety under Trog
  2463 | D:3      | 2463 ||| READING 2 scrolls labelled GELAHO NICKA.
  2467 | D:3      | 2467 ||| READING scroll labelled QOENOPLUNYN.
  2468 | D:3      | 2468 ||| DRINKING 3 ruby potions.
  2469 | D:3      | 2469 ||| DRINKING 2 brown potions.
  2470 | D:3      | 2470 ||| READING 3 scrolls of identify.
  2470 | D:3      | 2470 ||| IDENTIFYING glowing coppery potion
  2471 | D:3      | 2471 ||| READING 2 scrolls of identify.
  2471 | D:3      | 2471 ||| IDENTIFYING clear potion
  2472 | D:3      | 2472 ||| DROPPING potion of ambrosia.
  2473 | D:3      | 2473 ||| DROPPING 2 potions of magic.
  2474 | D:3      | 2474 ||| DROPPING potion of brilliance.
  2487 | D:4      | 2487 ||| Stepping ~*~*~tactically~*~*~ (stealth).
  2591 | D:4      | Noticed a black bear
  2595 | D:4      | 2595 ||| INVOKING Berserk.
  2598 | D:4      | Killed a black bear
  2599 | D:4      | Reached XP level 6. HP: 51/51 MP: 5/5
  2901 | D:4      | Reached skill level 7 in Axes
  3000 | D:4      | 3000 ||| UPGRADING to +0 chain mail.
  3014 | D:4      | Reached skill level 1 in Throwing
  3036 | D:4      | 3036 ||| DROPPING +0 ring mail.
  3040 | D:4      | 3040 ||| READING scroll of teleportation.
  3041 | D:4      | 3041 ||| FLEEEEING.
  3042 | D:4      | Noticed a water moccasin
  3050 | D:4      | 3050 ||| INVOKING Berserk.
  3051 | D:4      | Killed a water moccasin
  3052 | D:4      | Reached XP level 7. HP: 29/60 MP: 6/6
  3055 | D:4      | HP: 22/90 [poisoned by a water moccasin]
  3059 | D:4      | HP: 9/60 [poisoned by a water moccasin]
  3488 | D:4      | 3488 ||| Stepping ~*~*~tactically~*~*~ (stealth).
  3493 | D:4      | 3493 ||| Stepping ~*~*~tactically~*~*~ (stealth).
  3498 | D:4      | 3498 ||| Stepping ~*~*~tactically~*~*~ (stealth).
  3502 | D:4      | 3502 ||| Stepping ~*~*~tactically~*~*~ (stealth).
  3503 | D:4      | 3503 ||| Stepping ~*~*~tactically~*~*~ (stealth).
  3507 | D:4      | 3507 ||| Stepping ~*~*~tactically~*~*~ (stealth).
  3514 | D:4      | 3514 ||| Stepping ~*~*~tactically~*~*~ (stealth).
  3524 | D:4      | 3524 ||| Stepping ~*~*~tactically~*~*~ (stealth).
  3531 | D:4      | HP: 13/56 [wight/+1 falchion (2)]
  3532 | D:4      | 3532 ||| DRINKING potion of heal wounds.
  3535 | D:4      | Reached skill level 8 in Axes
  3537 | D:4      | 3537 ||| INVOKING Berserk.
  3540 | D:4      | Reached skill level 6 in Shields
  3983 | D:4      | 3983 ||| READING 2 scrolls labelled PEPSAXIFRADYLO.
  3984 | D:4      | 3984 ||| DROPPING scroll of silence.
  4016 | D:5      | Entered Level 5 of the Dungeon
  4340 | D:5      | Reached skill level 9 in Axes
  4407 | D:5      | Reached XP level 8. HP: 68/68 MP: 7/7
  4439 | D:5      | Reached skill level 3 in Armour
  4498 | D:5      | 4498 ||| Stepping ~*~*~tactically~*~*~ (hiding).
  4834 | D:5      | 4834 ||| READING scroll labelled POHENLEHAHE.
  4835 | D:5      | 4835 ||| READING 3 scrolls of identify.
  4835 | D:5      | 4835 ||| IDENTIFYING fizzy black potion
  4836 | D:5      | 4836 ||| READING 2 scrolls of identify.
  4836 | D:5      | 4836 ||| IDENTIFYING dark potion
  4837 | D:5      | 4837 ||| DROPPING potion of attraction.
  4854 | D:6      | 4854 ||| STAIRDANCE
  4869 | D:6      | 4869 ||| STAIRDANCE
  4877 | D:6      | Noticed Eustachio
  4878 | D:6      | 4878 ||| STAIRDANCE
  4891 | D:6      | 4891 ||| INVOKING Berserk.
  4898 | D:6      | Killed Eustachio
  4921 | D:6      | Reached **** piety under Trog
  4922 | D:6      | Reached skill level 10 in Axes
  4929 | D:6      | 4929 ||| INVOKING Berserk.
  4941 | D:6      | Reached skill level 6 in Fighting
  5082 | D:6      | 5082 ||| Stepping ~*~*~tactically~*~*~ (stealth).
  5126 | D:6      | 5126 ||| INVOKING Berserk.
  5440 | D:6      | Reached XP level 9. HP: 75/75 MP: 8/8
  5443 | D:6      | Reached skill level 11 in Axes
  6047 | D:6      | 6047 ||| UPGRADING to ring of resist corrosion.
  6048 | D:6      | 6048 ||| READING scroll labelled IRCHIA AGGA.
  6049 | D:6      | 6049 ||| READING scroll labelled YLOTIB KUIWYU.
  6050 | D:6      | 6050 ||| READING scroll labelled EZIUKLOEGI.
  6051 | D:6      | 6051 ||| READING scroll of teleportation.
  6206 | D:7      | 6206 ||| Stepping ~*~*~tactically~*~*~ (hiding).
  6311 | D:7      | 6311 ||| INVOKING Berserk.
  6445 | D:7      | 6445 ||| INVOKING Berserk.
  6571 | D:7      | Noticed an ice statue
  6572 | D:7      | 6572 ||| INVOKING Brothers in Arms.
  6605 | D:7      | 6605 ||| INVOKING Berserk.
  6923 | D:7      | Reached skill level 12 in Axes
  7019 | D:7      | Found a staircase to the Ecumenical Temple.
  7074 | D:7      | 7074 ||| INVOKING Berserk.
  7085 | D:7      | HP: 19/112 [ice statue] (14)]
  7087 | D:7      | HP: 5/112 [ice statue] (14)]
  7088 | D:7      | Engulfed by an ice statue's freezing vapour

Levels and vault maps discovered:
D:1:      dpeg_arrival_chambers_temple_mockup, layout_rooms,
          dreamdust_ecumenical_altar_drowned_temple
D:2:      layout_rooms, basic_altar, nicolae_wormholes, uniq_jessica
D:3:      layout_rooms, nicolae_ashenzari_skybound, serial_shops, shop,
          uniq_robin
D:4:      layout_loops_ring, hangedman_glass_teeth, minmay_hedge_maze
D:5:      layout_basic
D:6:      layout_loops_cross, uniq_eustachio
D:7:      lemuel_ice_statue, layout_loops_ring, temple_hall_moat

Skill      XL: |  1  2  3  4  5  6  7  8  9 |
---------------+----------------------------+-----
Axes           | 4 5 6 7 9 10 12 | 12.0
Shields        | 4 5 6 7 8 |  8.0
Throwing       | 1 |  1.6
Fighting       | 4 5 6 |  6.1
Armour         | 3 |  3.2
Dodging        | |  2.1

Action                   |  1- 3 |  4- 6 |  7- 9 || total
-------------------------+-------+-------+-------++-------
Melee: Hand axe          |    48 |    62 |       ||   110
       Headbutt          |     7 |    11 |    29 ||    47
       Punch             |     1 |       |       ||     1
       War axe           |       |    38 |   217 ||   255
Throw: Boomerang         |       |    35 |    34 ||    69
Invok: Berserk           |     2 |     4 |     8 ||    14
       Brothers in Arms  |       |       |     1 ||     1
  Use: Scroll            |     3 |     7 |     8 ||    18
       Potion            |       |     3 |     1 ||     4
Armor: Animal skin       |     2 |    11 |       ||    13
       Ring mail         |       |     8 |       ||     8
       Chain mail        |       |     5 |    83 ||    88
Dodge: Dodged            |    19 |    48 |    49 ||   116
       Repelled          |       |       |     2 ||     2
Block: Kite shield       |       |    32 |    80 ||   112

Table legend:
 A = Non-vault XP
 B = Vault XP
 C = Vault XP percentage of total XP
 D = Non-vault monster count
 E = Vault monster count
 F = Vault count percentage of total count
                 A         B        C        D         E       F
            +---------+---------+-------+---------+---------+-------
      Total |    3497 |     292 |   7.7 |     152 |      19 |  11.1
            +---------+---------+-------+---------+---------+-------
        D:1 |      29 |       1 |   3.3 |      17 |       1 |   5.6
        D:2 |     107 |      52 |  32.7 |      17 |       4 |  19.0
        D:3 |     120 |      37 |  23.6 |      26 |      13 |  33.3
        D:4 |     835 |       0 |   0.0 |      26 |       0 |   0.0
        D:5 |     755 |       0 |   0.0 |      17 |       0 |   0.0
        D:6 |     934 |     202 |  17.8 |      24 |       1 |   4.0
        D:7 |     717 |       0 |   0.0 |      25 |       0 |   0.0
            +---------+---------+-------+---------+---------+-------
